AoeStats
← Resse

Hideout

509382429Analyzed
1v1 RM · 7d ago on Sep 26, 2026· 28m 57s· 2 players
Game mode
Random Map
Map size
Tiny (2 player)
Population
200
Speed
Normal
Resources
Standard
Victory
Conquest
Starting age
Dark Age
Ending age
Imperial Age
RankedLock teamsTeams togetherTeam positionsShared explorationLock speedFull tech treeHidden civsTurbo modeCheats
Victory
Defeat
🇨🇿 Goths · Czechia
994
+17
🇸🇰 Khmer · Slovakia
1017
-17
Resse
7:37 Loom
9:42 Feudal Age
10:14 Man-at-Arms
14:40 Double-Bit Axe
22:06 Castle Age
20:35 Padded Archer Armor
20:44 Horse Collar
21:25 Scale Mail Armor
21:53 Fletching
23:07 Long Swordsman
24:26 Squires
24:40 Forging
25:43 Elite Skirmisher
Mladickej Spanel Fabregas
9:47 Feudal Age
11:05 Loom
11:59 Double-Bit Axe
14:44 Fletching
14:59 Loom
18:52 Castle Age
18:47 Stone Mining
22:36 Stone Shaft Mining
23:08 Bow Saw
Connection lost

Rejoining the realm…

Still unreachable

The connection could not be restored.

Session expired

The server has moved on; the page needs a fresh start.